 Dungeon Crawl Stone Soup version 0.26-a0-542-gbaa144ba5c (webtiles) character file.

Game seed: 3321888880708283644

19835 MrRokkomies the Nimble (level 12, -17/75 HPs)
             Began as a Tengu Venom Mage on Aug 18, 2020.
             Was a Follower of Sif Muna.
             Demolished by a cyclops (27 damage)
             ... on level 12 of the Dungeon.
             The game lasted 00:39:16 (17840 turns).

MrRokkomies the Nimble (Tengu Venom Mage)          Turns: 17840, Time: 00:39:19

Health: -17/75     AC: 12    Str: 12    XL:     12   Next: 73%
Magic:  9/19       EV: 19    Int: 27    God:    Sif Muna [*.....]
Gold:   1527       SH:  0    Dex: 22    Spells: 1/19 levels left

rFire    x . .     SeeInvis .   a - +2 trident (venom)
rCold    + + .     Faith    .   (no shield)
rNeg     + . .     Spirit   .   i - +0 ice dragon scales
rPois    +         Reflect  .   (helmet restricted)
rElec    .         Harm     .   M - +0 cloak
rCorr    .                      S - +0 pair of gloves {Dex+3}
MR       .....                  (boots unavailable)
Stlth    +.........             O - amulet "Vuaffus" {rN+ Regen+ Int+3 Slay-2}
HPRegen  0.62/turn              e - ring of Moffuot {+Fly rPois Str-4 Int+5 Dex+4}
MPRegen  0.16/turn              l - +6 ring of strength

@: radiating poison, flying quickly and evasively, quick
A: beak, talons 3, able to fly
a: Stop Flying, Channel Magic, Renounce Religion


You were on level 12 of the Dungeon.
You worshipped Sif Muna.
Sif Muna was aware of your devotion.
You visited 2 branches of the dungeon, and saw 13 of its levels.
You also visited: Trove and Ice Cave.

You collected 1527 gold pieces.

Inventory:

Hand Weapons
 a - a +2 trident of venom (weapon)
 B - a +1 vampiric trident
 Q - a +2 rapier of freezing
 T - a +2 fustibalus of freezing
Missiles
 d - 5 javelins
 n - 7 silver boomerangs
 y - 7 boomerangs (quivered)
 J - 19 curare-tipped darts
Armour
 i - +0 ice dragon scales (worn)
 M - a +0 cloak (worn)
 S - a +0 pair of gloves of dexterity (worn)
Jewellery
 e - the ring of Moffuot (left hand) {+Fly rPois Str-4 Int+5 Dex+4}
   (You found it in a treasure trove)

   [ring of poison resistance]

   It affects your strength (-4).
   It affects your intelligence (+5).
   It affects your dexterity (+4).
   It protects you from poison.
   It lets you fly.
 l - a +6 ring of strength (right hand)
 s - a +4 ring of slaying
 w - an uncursed ring of protection from magic
 E - an uncursed amulet of guardian spirit
 O - the amulet "Vuaffus" (around neck) {rN+ Regen+ Int+3 Slay-2}
   (You found it in a treasure trove)

   [amulet of regeneration]

   It affects your intelligence (+3).
   It affects your accuracy and damage with ranged weapons and melee attacks
   (-2).
   It protects you from negative energy.
   It increases your rate of regeneration.
 P - an uncursed ring of poison resistance
Wands
 r - a wand of acid (12)
 G - a wand of iceblast (30)
 L - a wand of flame (9)
Scrolls
 f - 6 scrolls of teleportation
 g - 2 scrolls of magic mapping
 o - 2 scrolls of blinking
 q - 4 scrolls of enchant weapon
 t - 9 scrolls of remove curse
 D - 3 scrolls of identify
 I - a scroll of fear
 N - 2 scrolls of amnesia
Potions
 b - 9 potions of stabbing
 c - a potion of ambrosia
 h - 4 potions of curing
 j - 2 potions of magic
 k - 2 potions of lignification
 m - 3 potions of degeneration
 p - a potion of might
 u - 7 potions of brilliance
 v - a potion of berserk rage
 z - a potion of invisibility
 A - 3 potions of resistance
 F - a potion of haste
 H - a potion of mutation
 K - a potion of flight
 U - a potion of cancellation {unknown}
Miscellaneous
 R - a lightning rod (4/4)


   Skills:
 + Level 8.7 Fighting
 + Level 2.9 Armour
 - Level 12.2 Dodging
 - Level 2.0 Stealth
 - Level 4.0 Spellcasting
 * Level 8.2 Conjurations
 - Level 0.7 Transmutations
 - Level 4.0 Fire Magic
 - Level 6.2 Air Magic
 - Level 10.0 Poison Magic
 * Level 5.8 Invocations


You had one spell level left.
You knew the following spells:

 Your Spells              Type           Power        Failure   Level
a - Searing Ray           Conj           #####.       3%          2
b - Poisonous Vapours     Pois/Air       #####.       3%          2
c - Mephitic Cloud        Conj/Pois/Air  #####...     6%          3
d - Ignite Poison         Fire/Tmut/Pois ####....     22%         3
e - Olgreb's Toxic Radia  Pois           ######..     9%          4
f - Iskenderun's Mystic   Conj/Tloc      ####....     71%         4

Your spell library contained the following spells:

 Spells                   Type           Power        Failure   Level
 Magic Dart               Conj           ####         1%          1
 Sting                    Tmut/Pois      ####         6%          1
 Animate Skeleton         Necr           #.....       50%         1
 Apportation              Tloc           #.....       50%         1
 Freeze                   Ice            #...         50%         1
 Pain                     Necr           #...         50%         1
 Swiftness                Air            #####...     7%          2
 Spider Form              Tmut/Pois      ####......   19%         3
 Corpse Rot               Necr/Air       N/A          24%         2
 Dazzling Flash           Conj/Hex       ####..       30%         3
 Sublimation of Blood     Necr           #.........   63%         2
 Fulminant Prism          Conj/Hex       ####......   71%         4
 Hailstorm                Conj/Ice       ####....     71%         4
 Frozen Ramparts          Ice            #.....       86%         3
 Ozocubu's Armour         Ice            #.......     86%         3
 Vampiric Draining        Necr           #.........   86%         3
 Animate Dead             Necr           #.........   99%         4
 Ice Form                 Ice/Tmut       #.......     99%         4
 Summon Ice Beast         Ice/Summ       #.......     99%         4
 Agony                    Necr           #.......     100%        5
 Metabolic Englaciation   Hex/Ice        #.........   100%        5
 Dispersal                Tloc           #.........   100%        6
 Eringya's Noxious Bog    Tmut/Pois      ####......   100%        6
 Simulacrum               Ice/Necr       #.........   100%        6
 Controlled Blink         Tloc           N/A          100%        8
 Tornado                  Air            #####.....   100%        9


Dungeon Overview and Level Annotations

Branches:
Dungeon (12/15)            Temple (1/1) D:4            Lair (0/6) D:10
    Orc (0/2) D:12          IceCv (visited)

Altars:
Ashenzari
Cheibriados
Dithmenos
Elyvilon
Fedhas
Gozag
Hepliaklqana
Kikubaaqudgha
Makhleb
Nemelex Xobeh
Okawaru
Qazlal
Ru
Sif Muna
Trog
Uskayaw
Vehumet
Wu Jian
Xom
Yredelemnul
Zin
The Shining One

Annotations:
D:3 3 runed translucent doors, rasy's ghost, amateur MiFi
D:5 1 runed translucent door, qipq's ghost, amateur KoHu


Innate Abilities, Weirdness & Mutations

You have a beak for a mouth.
You have claws for feet.
You can fly continuously.


Message History

The cyclops throws a large rock.
The large rock hits you!!!
Ouch! That really hurt!
* * * LOW HITPOINT WARNING * * *
Unknown command.
An orc comes into view. It is wielding a +0 club.
The cyclops looks even sicker.
The orc is poisoned.
Okay, then.
Casting: Olgreb's Toxic Radiance (dangerous; 9% risk of failure)
Confirm with . or Enter, or press ? or * to list all spells.
You ignite the poison in your surroundings!
The cyclops seems to burn from within!
The cyclops is heavily wounded.
The orc priest seems to burn from within!!
You kill the orc priest!
Sif Muna accepts your kill.
The orc seems to burn from within!
You kill the orc!
Sif Muna accepts your kill.
The cyclops is poisoned.
The cyclops hits you!!
You die...

,,,,,,,,,,,,,,,,* *,,,,,*,,*,,,*
,,,,**,,,,,,,,,,* *,,,,,,*,,*,,*
,,,,**,,,,,,,,,,* **,,.,,,,,,,**
,******,*##****** *,..,**,*,,* ,*
*,,...* **##..#,**,,,,* ,*
**###'######.)..,,,,,,,,,* **
*,........:#..#,**,**,****
*,.........C)#,,**,**,*
***,........@+,,,,,,,,,,*####
*****,+..........#,,*,*,,,,**....
,,,,,,*..........#,*,,,,,,,*,.###
*******..........#,,,,,,,,,+,**
*..........#***,,,,,,***
*..........# *,,,,,,*
*..........# *,,,,,,*
*..........# *,,,,,,*
**######'### *****+**


You could see a cyclops (poisoned).

Vanquished Creatures
  Erica (D:11)
  An ice dragon (D:12)
  2 two-headed ogres
  A queen ant (D:10)
  Sonja (D:12)
  An unseen horror (D:7)
  A necromancer (IceCv)
  An ugly thing (D:11)
  Maurice (D:9)
  An ice statue (IceCv)
  Psyche (D:8)
  A kobold demonologist (D:10)
  10 freezing wraiths (IceCv)
  2 trolls
  A wolf spider simulacrum (IceCv)
  3 polar bears (D:12)
  A hippogriff (D:10)
  2 wyverns
  3 yaks (D:12)
  2 steam dragons (D:8)
  3 wargs (D:10)
  4 soldier ants (D:10)
  Duvessa (D:5)
  A black bear (D:9)
  2 orc warriors
  6 ice beasts (IceCv)
  A sky beast (D:10)
  A wolf (D:12)
  2 phantoms
  2 centaurs
  7 ogres
  A crocodile (D:8)
  22 big kobolds
  A gnoll sergeant (D:11)
  5 bullfrogs
  Dowan (D:5)
  A wyvern skeleton (D:11)
  4 scorpions
  5 killer bees (D:11)
  15 wights
  2 quasits
  3 draconian simulacra (IceCv)
  9 hounds
  A gnoll shaman (D:4)
  6 orc priests
  2 bullfrog skeletons
  2 jellies
  14 orc wizards
  A polar bear simulacrum (IceCv)
  27 worker ants
  3 troll simulacra (IceCv)
  2 spriggan simulacra (IceCv)
  2 wolf simulacra (IceCv)
  A centaur simulacrum (IceCv)
  A hound zombie (D:7)
  A howler monkey zombie (D:5)
  A worker ant zombie (D:11)
  12 adders
  16 gnolls
  A howler monkey skeleton (D:5)
  4 naga simulacra (IceCv)
  5 ogre simulacra (IceCv)
  4 shadow imps
  17 white imps
  An ufetubus (D:9)
  An ooze (D:5)
  3 adder zombies
  An adder skeleton (D:4)
  3 worms (D:2)
  4 dart slugs
  8 leopard geckos
  38 orcs
  3 ball pythons
  2 giant cockroaches
  9 goblins
  7 hobgoblins
  16 jackals
  32 kobolds
  8 quokkas
  8 bats
  7 frilled lizards
  A giant cockroach zombie (D:6)
  A jackal skeleton (D:9)
  5 rats
  A plant (D:5)
418 creatures vanquished.

Notes
Turn   | Place    | Note
-------+----------+-------------------------------------------
     0 | D:1      | MrRokkomies the Tengu Venom Mage began the quest for the
                  | Orb.
     0 | D:1      | Reached XP level 1. HP: 10/10 MP: 4/4
   213 | D:1      | Reached XP level 2. HP: 12/15 MP: 0/6
   878 | D:1      | Reached XP level 3. HP: 20/20 MP: 7/7
  1424 | D:2      | Reached skill level 3 in Dodging
  1504 | D:2      | Reached skill level 1 in Fighting
  1861 | D:2      | Learned a level 2 spell: Poisonous Vapours
  1865 | D:2      | Learned a level 3 spell: Mephitic Cloud
  1939 | D:2      | Reached XP level 4. HP: 22/25 MP: 8/8
  2138 | D:2      | You fall into a shaft and drop 1 floor!
  2560 | D:3      | Gained mutation: You can fly continuously. [Tengu growth]
  2560 | D:3      | Reached XP level 5. HP: 22/29 MP: 9/9
  2569 | D:3      | Found a runed translucent gate.
  2571 | D:3      | Found a runed translucent gate.
  2572 | D:3      | Found a runed translucent gate.
  2828 | D:2      | Reached skill level 4 in Dodging
  3465 | D:3      | Reached XP level 6. HP: 24/35 MP: 11/11
  3857 | D:3      | Noticed rasy's ghost (amateur MiFi)
  3895 | D:3      | Found an iron altar of Okawaru.
  3898 | D:3      | Found a stormy altar of Qazlal.
  3901 | D:3      | Found a glowing silver altar of Zin.
  3905 | D:3      | Found a blossoming altar of Fedhas.
  3906 | D:3      | Found a bloodstained altar of Trog.
  3907 | D:3      | Found a hide-covered altar of Uskayaw.
  4069 | D:4      | Found a staircase to the Ecumenical Temple.
  4078 | Temple   | Entered the Ecumenical Temple
  4116 | Temple   | Became a worshipper of Sif Muna the Loreminder
  4386 | D:4      | Reached skill level 5 in Dodging
  4615 | D:4      | Learned a level 3 spell: Ignite Poison
  4625 | D:4      | Reached skill level 5 in Poison Magic
  4625 | D:4      | Reached XP level 7. HP: 37/40 MP: 12/12
  4895 | D:4      | Found a bloodstained altar of Trog.
  5320 | D:5      | Entered Level 5 of the Dungeon
  5362 | D:5      | Found a runed translucent door.
  5364 | D:5      | Noticed qipq's ghost (amateur KoHu)
  5415 | D:5      | Noticed Duvessa
  5417 | D:5      | Noticed Dowan
  5440 | D:5      | Killed Duvessa
  5449 | D:5      | Killed Dowan
  5784 | D:5      | Found an iron altar of Okawaru.
  5861 | D:5      | Reached * piety under Sif Muna
  6107 | D:5      | Found a blossoming altar of Fedhas.
  6328 | D:5      | Reached skill level 6 in Dodging
  6328 | D:5      | Reached XP level 8. HP: 46/46 MP: 14/14
  6664 | D:6      | Reached ** piety under Sif Muna
  6689 | D:5      | Learned a level 4 spell: Olgreb's Toxic Radiance
  7059 | D:5      | Reached skill level 1 in Air Magic
  7748 | D:6      | Found an ancient bone altar of Kikubaaqudgha.
  7912 | D:6      | Reached skill level 7 in Dodging
  8929 | D:6      | Reached XP level 9. HP: 40/52 MP: 16/16
  9611 | D:7      | Killed an unseen horror
  9611 | D:7      | Reached skill level 8 in Dodging
  9872 | D:7      | Found a basalt altar of Yredelemnul.
 10035 | D:7      | Reached skill level 5 in Fighting
 10753 | D:8      | Noticed Psyche
 10762 | D:8      | Killed Psyche
 10762 | D:8      | Reached skill level 5 in Air Magic
 11071 | D:8      | Reached skill level 9 in Dodging
 11178 | D:8      | Reached XP level 10. HP: 59/59 MP: 7/17
 11485 | D:8      | Noticed a two-headed ogre
 11493 | D:8      | Killed a two-headed ogre
 11786 | D:9      | Found a hazy altar of Hepliaklqana.
 11787 | D:9      | Found a radiant altar of Vehumet.
 11787 | D:9      | Found a sacrificial altar of Ru.
 11883 | D:9      | Found a white marble altar of Elyvilon.
 11912 | D:9      | Reached *** piety under Sif Muna
 12254 | D:9      | Noticed Maurice
 12273 | D:9      | Killed Maurice
 12273 | D:9      | Reached skill level 10 in Dodging
 12273 | D:9      | Reached skill level 1 in Fire Magic
 12552 | D:9      | Found a snail-covered altar of Cheibriados.
 12803 | D:10     | Entered Level 10 of the Dungeon
 13153 | D:10     | Noticed a kobold demonologist
 13156 | D:10     | Killed a kobold demonologist
 13156 | D:10     | Reached XP level 11. HP: 63/66 MP: 6/18
 13161 | D:10     | Reached skill level 10 in Poison Magic
 13185 | D:10     | Reached **** piety under Sif Muna
 13193 | D:10     | Reached skill level 11 in Dodging
 13925 | D:10     | Noticed a queen ant
 13933 | D:10     | Killed a queen ant
 13985 | D:10     | HP: 3/67 [poisoned by a queen ant]
 14486 | D:10     | Reached skill level 1 in Conjurations
 14486 | D:10     | Reached skill level 1 in Invocations
 14531 | D:10     | Reached ***** piety under Sif Muna
 14540 | D:10     | Found a staircase to the Lair.
 14558 | D:10     | HP: 1/67 [orc priest/divine providence (14)]
 14562 | D:10     | Identified Sif Muna's Disquisition on Translocation and
                  | Venom (Sif Muna gifted it to you on level 10 of the
                  | Dungeon)
 14562 | D:10     | Received a gift from Sif Muna
 15206 | D:11     | Learned a level 4 spell: Iskenderun's Mystic Blast
 15546 | D:11     | Identified the Incunabulum of Congealing Dark Rites
 15718 | D:11     | Found a portal to a secret trove of treasure.
 15729 | Trove    | Entered a treasure trove
 15738 | Trove    | Got a glittering silver ring
 15750 | Trove    | Got a slimy platinum amulet
 15755 | Trove    | Identified the Volume of Cloudy Poisoning
 15798 | D:11     | Identified the ring of Moffuot {+Fly rPois Str-4 Int+5
                  | Dex+4} (You found it in a treasure trove)
 15813 | D:11     | Identified the amulet "Vuaffus" {rN+ Regen+ Int+3 Slay-2}
                  | (You found it in a treasure trove)
 15856 | D:11     | Noticed a purple ugly thing
 15862 | D:11     | Killed a purple ugly thing
 16071 | D:11     | Noticed Erica
 16077 | D:11     | Killed Erica
 16077 | D:11     | Reached skill level 12 in Dodging
 16191 | D:12     | Noticed Sonja
 16197 | D:12     | Killed Sonja
 16277 | D:12     | Noticed a two-headed ogre
 16290 | D:12     | Killed a two-headed ogre
 16290 | D:12     | Reached skill level 5 in Conjurations
 16290 | D:12     | Reached XP level 12. HP: 50/73 MP: 5/19
 16297 | D:12     | Found a frozen archway.
 16304 | D:12     | Noticed an ice dragon
 16421 | D:12     | Killed an ice dragon
 16441 | IceCv    | Entered an ice cave
 16619 | IceCv    | Reached skill level 1 in Armour
 16767 | IceCv    | Reached skill level 5 in Invocations
 16814 | IceCv    | Learned a level 2 spell: Searing Ray
 17144 | IceCv    | Found an ancient bone altar of Kikubaaqudgha.
 17658 | IceCv    | Identified the Almanac of Cold
 17840 | D:12     | Demolished by a cyclops

Illustrated notes

Levels and vault maps discovered:
D:1:      sevenhm_arrival_forest_fort_small_6, layout_loops_ring, minivault_5,
          minmay_misc_feat_rugged
D:2:      layout_basic, serial_park_tiny_2
D:3:      layout_rooms, minitemple, gammafunk_ghost_icy
D:4:      layout_basic, minmay_temple_entry_mist, trog_butcher_becter
D:5:      kennysheep_kobold_camp, layout_basic, basic_altar,
          ebering_ghost_inner_flame, okawaru_gym_becter, uniq_duvessa
D:6:      layout_gridville, lemuel_doored_altar
D:7:      minmay_chambers_of_fours, layout_gridville, old_standard_altar
D:8:      kennysheep_steamy, layout_loops_ring, uniq_psyche
D:9:      layout_long_grid, kennysheep_mini,
          chequers_temple_overflow_statue_of_worship, uniq_maurice
D:10:     layout_roguey [special_room_kobold], erik_lair_orcish_takeover,
          minmay_another_anthill
D:11:     layout_basic, enter_trove_0, uniq_erica
D:12:     layout_roguey, orc_0_dummy, portal_ice_cave_entry_animals_and_master,
          corner_web_ring, hangedman_abyss_or_decor_lesser_grid,
          statue_in_the_mist_lemuel, uniq_sonja
Temple:   jpeg_temple_island

Skill      XL: |  1  2  3  4  5  6  7  8  9 10 11 12 |
---------------+-------------------------------------+-----
Dodging        | 3 4 5 6 7 9 10 12 | 12.2
Fighting       | 1 2 3 4 5 6 7 8 |  8.7
Poison Magic   | 4 5 6 8 9 10 | 10.0
Spellcasting   | 3 4 |  4.0
Air Magic      | 3 5 6 |  6.2
Fire Magic     | 2 4 |  4.0
Conjurations   | 5 8 |  8.2
Invocations    | 3 5 |  5.8
Armour         | 2 |  2.9
Stealth        | |  2.0
Transmutations | |  0.7

Action                   |  1- 3 |  4- 6 |  7- 9 | 10-12 || total
-------------------------+-------+-------+-------+-------++-------
Melee: Unarmed           |     2 |       |       |       ||     2
       Dagger            |    12 |       |       |       ||    12
       Short sword       |    60 |    92 |       |       ||   152
       Kick              |    16 |    38 |    66 |   158 ||   278
       Peck              |     5 |    23 |    47 |    91 ||   166
       Trident           |       |    31 |   332 |   493 ||   856
Throw: Boomerang         |       |       |       |     4 ||     4
 Cast: Sting             |    13 |     5 |     4 |     2 ||    24
       Poisonous Vapours |       |     5 |    13 |    12 ||    30
       Mephitic Cloud    |       |       |    12 |    32 ||    44
       Ignite Poison     |       |       |     7 |    42 ||    49
       Olgreb's Toxic Ra |       |       |     2 |    22 ||    24
 Abil: Fly               |       |       |       |     1 ||     1
Evoke: Wand              |       |       |     2 |    14 ||    16
  Use: Scroll            |     6 |     3 |    12 |     9 ||    30
       Potion            |       |       |     1 |     3 ||     4
 Stab: Sleeping          |     4 |     8 |     6 |     3 ||    21
       Distracted        |       |     1 |       |       ||     1
       Confused          |       |       |       |     2 ||     2
Armor: Robe              |    10 |    12 |    17 |       ||    39
       Leather armour    |       |       |    27 |    77 ||   104
       Ice dragon scales |       |       |       |    65 ||    65
Dodge: Dodged            |    46 |    65 |   284 |   522 ||   917

Table legend: (Time is in decaauts)
 A = Elapsed time spent in this place.
 B = Non-inter-level travel time spent in this place.
 C = Inter-level travel time spent in this place.
 D = Time resting spent in this place.
 E = Time spent auto-exploring this place.
 F = Levels seen in this place.
 G = Mean time per level.
                   A        B        C        D        E       F      G
               +--------+--------+--------+--------+--------+-----+--------+
         Total |  18109 |  17812 |    297 |   4201 |  10413 |  15 | 1207.3 |
       Dungeon |  16443 |  16151 |    292 |   3728 |   9836 |  12 | 1370.2 |
        Temple |    267 |    262 |      5 |      0 |    253 |   1 |  267.0 |
         Trove |     59 |     59 |      0 |      0 |     20 |   1 |   59.0 |
      Ice Cave |   1339 |   1339 |      0 |    473 |    303 |   1 | 1339.0 |
               +--------+--------+--------+--------+--------+-----+--------+

Top non-repeatable levels by time:
    D:10: 2410 daAuts
     D:5: 2350 daAuts
     D:7: 1496 daAuts
     D:6: 1480 daAuts
     D:1: 1406 daAuts
     D:2: 1341 daAuts
   IceCv: 1339 daAuts
     D:3: 1264 daAuts
     D:8: 1195 daAuts
     D:4: 1117 daAuts
     D:9: 1089 daAuts
    D:11: 969 daAuts
    D:12: 320 daAuts
  Temple: 267 daAuts
   Trove: 59 daAuts
